 Dungeon Crawl Stone Soup version 0.17.1-3-g152610e (webtiles) character file.

731 Goblin1989 the Sneak (level 7, -1/34 HPs)
             Began as a Vine Stalker Assassin on Mar 11, 2016.
             Was a Follower of Ashenzari.
             Slain by a wight
             ... wielding a +3 short sword
              (6 damage)
             ... on level 6 of the Dungeon.
             The game lasted 00:25:30 (2545 turns).

Goblin1989 the Sneak (Vine Stalker Assassin)        Turns: 2545, Time: 00:25:30

Health: -1/34      AC:  8    Str: 14    XL:     7   Next: 73%
Magic:  0/8        EV: 11    Int: 11    God:    Ashenzari [*.....]
Gold:   12         SH:  0    Dex: 17    Spells: 0 memorised, 6 levels left

rFire  + . .     SeeInvis .     a - +2 dagger
rCold  . . .     Clarity  .     c - +0 robe
rNeg   . . .     SustAt   .     (no shield)
rPois  .         Gourm    .     j - +1 helmet (curse)
rElec  .         Spirit   +     s - +1 cloak (curse)
rCorr  .         Warding  .     v - +1 pair of gloves (curse)
rMut   .         Stasis   +     (no boots)
MR     .....                    h - amulet of stasis
Stlth  ++++......               (no ring)
                                y - ring of protection from fire (curse)

@: lethally poisoned (-1 -> -2), not resistant to hostile enchantments, stealthy
A: fangs 2, regeneration 2, magic shield, antimagic bite, no device heal 3, rot
immunity
a: Scrying, Renounce Religion


You were on level 6 of the Dungeon.
You worshipped Ashenzari.
Ashenzari was aware of your devotion.
You were not hungry.

You visited 1 branch of the dungeon, and saw 6 of its levels.
You also visited: Sewer.

You collected 229 gold pieces.
You spent 217 gold pieces at shops.

Inventory:

Hand Weapons
 a - a +2 dagger (weapon)
 b - a +0 blowgun
Missiles
 e - 18 poisoned needles
Armour
 c - a +0 robe (worn)
 j - a cursed +1 helmet (worn)
 s - a cursed +1 cloak (worn)
 v - a cursed +1 pair of gloves (worn)
Jewellery
 h - an amulet of stasis (around neck)
 q - an uncursed ring of ice
 y - a cursed ring of protection from fire (left hand)
 H - an uncursed ring of stealth
Wands
 w - a wand of random effects (30)
Scrolls
 d - 2 scrolls of enchant weapon {unknown}
 k - a scroll of noise {unknown}
 m - 2 scrolls of teleportation
 t - 3 scrolls of identify {unknown}
 u - 6 scrolls of random uselessness {unknown}
 x - a scroll of magic mapping
 B - 3 scrolls of curse jewellery
 C - a scroll of fog
 D - 2 scrolls of curse armour
 F - a scroll of holy word {unknown}
Potions
 f - 2 potions of curing {unknown}
 l - a potion of lignification {unknown}
 n - a potion of degeneration {unknown}
 r - a potion of magic {unknown}
 A - a potion of flight {unknown}
 E - 2 potions of poison {unknown}
 G - 2 potions of berserk rage {unknown}
Comestibles
 g - 3 bread rations
 i - a beef jerky
 o - 3 slices of pizza
 p - 4 meat rations
 z - a fruit


   Skills:
 - Level 1.7 Fighting
 * Level 6.4 Short Blades
 - Level 1.7 Throwing
 - Level 0.7 Dodging
 + Level 7.9 Stealth


You had 6 spell levels left.
You didn't know any spells.

Dungeon Overview and Level Annotations

Branches:
Dungeon (6/15)             Temple (0/1) D:6

Altars:
Ashenzari
Gozag
Qazlal
Vehumet

Shops:
D:5 ?


Innate Abilities, Weirdness & Mutations

You have extremely sharp teeth.
You heal very quickly.
When hurt, damage is shared between your health and your magic reserves.
Your bite disrupts and absorbs the magic of your enemies.
Potions and wands cannot restore your health.
You are immune to rotting.


Message History

You barely miss the wight. You bite the wight. You drain its power.
You feel invigorated.
The wight is heavily damaged.
The wight hits you with an enchanted short sword.
* * * LOW HITPOINT WARNING * * *
The wight hits you but does no damage.
You hit the wight but do no damage. Your bite misses the wight.
The wight is heavily damaged.
The wight hits you with an enchanted short sword.
* * * LOW HITPOINT WARNING * * *
You barely miss the wight.
The wight is heavily damaged.
The wight hits you but does no damage.
You hit the wight.
The wight is severely damaged.
The wight hits you but does no damage. x2
You hit the wight. You bite the wight, but do no damage.
The wight is almost destroyed.
The wight hits you with an enchanted short sword!
You die...

##..... ## ..
..........####..
.#.#.#.#.#.....#
#...............#
..#.......#.....
.?..........z.
..#...>...#z#
..........@.#
..#.......#.########
....:................
.#.#.#.#.#.........#
....................#
.....#.##.#.........#
..?..). #...........#
.....## ###.........#
..##.....######.........#


You could see 2 wights.

Vanquished Creatures
  A sky beast (D:5)
  A water moccasin (D:6)
  2 giant frogs (Sewer)
  A wight (D:6)
  2 hounds (D:4)
  An orc priest (D:5)
  An orc wizard (D:5)
  4 worker ants
  A hound skeleton (D:4)
  8 adders
  An ooze (D:3)
  2 worms (D:2)
  4 giant geckos
  9 orcs
  8 giant cockroaches
  4 hobgoblins
  3 jackals
  3 quokkas
  4 ball pythons
  6 bats
  6 giant newts
  6 goblins
  7 kobolds
  A quokka skeleton (D:4)
  8 rats
94 creatures vanquished.

Notes
Turn   | Place    | Note
--------------------------------------------------------------
     0 | D:1      | Goblin1989 the Vine Stalker Assassin began the quest for the Orb.
     0 | D:1      | Reached XP level 1. HP: 11/11 MP: 2/2
   300 | D:1      | Reached skill level 5 in Stealth
   300 | D:1      | Reached XP level 2. HP: 15/15 MP: 3/3
   450 | D:2      | Found a shattered altar of Ashenzari.
   466 | D:2      | Became a worshipper of Ashenzari the Shackled
   484 | D:2      | Found a radiant altar of Vehumet.
   610 | D:2      | Reached XP level 3. HP: 18/18 MP: 4/4
   930 | D:3      | Found a glowing drain.
   938 | Sewer    | Entered a sewer
  1060 | Sewer    | Reached XP level 4. HP: 19/23 MP: 5/5
  1228 | Sewer    | Noticed a giant frog
  1235 | Sewer    | Killed a giant frog
  1235 | Sewer    | Reached skill level 6 in Stealth
  1235 | Sewer    | Reached XP level 5. HP: 26/26 MP: 6/6
  1252 | Sewer    | Noticed a giant frog
  1259 | Sewer    | Killed a giant frog
  1259 | Sewer    | Gained mutation: You heal very quickly. [Vine Stalker growth]
  1259 | Sewer    | Reached XP level 6. HP: 30/30 MP: 7/7
  1495 | D:3      | Found an opulent altar of Gozag.
  1740 | D:4      | Reached * piety under Ashenzari
  1851 | D:4      | Found a stormy altar of Qazlal.
  1862 | D:4      | Reached skill level 5 in Short Blades
  1862 | D:4      | Reached skill level 7 in Stealth
  1942 | D:5      | Entered Level 5 of the Dungeon
  2120 | D:5      | Reached XP level 7. HP: 34/34 MP: 8/8
  2336 | D:5      | Found Cotusch's Magic Scroll Boutique.
  2343 | D:5      | Bought a scroll of magic mapping for 52 gold pieces
  2343 | D:5      | Bought 2 scrolls of remove curse for 90 gold pieces
  2343 | D:5      | Bought a scroll of teleportation for 45 gold pieces
  2343 | D:5      | Bought a scroll of fog for 30 gold pieces
  2522 | D:6      | Found a staircase to the Ecumenical Temple.
  2545 | D:6      | Slain by a wight

Action                   |  1- 3 |  4- 6 |  7- 9 || total
-------------------------+-------+-------+-------++-------
Melee: Dagger            |   130 |   111 |    78 ||   319
 Fire: Blowgun           |     1 |    18 |     7 ||    26
Evoke: Wand              |       |       |     3 ||     3
  Use: Scroll            |       |     3 |     1 ||     4
 Stab: Sleeping          |    13 |    20 |       ||    33
       Distracted        |       |       |     2 ||     2
  Eat: Chunk             |     1 |     3 |     2 ||     6
